AoeStats
← kingofkings

Black Forest

510139885Analyzed
4v4 RM · 3d ago on Sep 29, 2026· 53m 23s· 8 players
Game mode
Random Map
Map size
Large (8 player)
Population
200
Speed
Normal
Resources
Standard
Victory
Conquest
Starting age
Dark Age
Ending age
Imperial Age
RankedLock teamsTeams togetherTeam positionsShared explorationLock speedFull tech treeHidden civsTurbo modeCheats
Victory
Defeat
🇳🇱 Saxons · Netherlands
1146
+14
🇮🇳 Goths · India
1116
+15
🇩🇪 Turks · Germany
1088
+16
🇧🇷 Cumans · Brazil
1051
+18
🇨🇳 Spanish · China
1328
-24
🇹🇼 Bulgarians · Taiwan
1096
-16
1050
-14
🇨🇳 Franks · China
916
-9
641627092
1:33 Loom
12:37 Feudal Age
16:15 Castle Age
14:36 Double-Bit Axe
14:41 Fishing Lines
18:18 Bow Saw
19:14 Padded Archer Armor
20:58 Leather Archer Armor
22:32 Gillnets
26:33 Horse Collar
28:26 Wheelbarrow
34:30 Imperial Age
36:33 Two-Man Saw
35:36 Heavy Plow
35:55 Hand Cart
35:33 Stone Mining
35:33 Gold Mining
36:21 Conscription
36:21 Bloodlines
36:12 Husbandry
37:45 Ring Archer Armor
38:28 Chemistry
38:25 Stone Shaft Mining
38:22 Elite Conquistador
39:27 Capped Ram
41:20 Siege Ram
48:38 Fletching
49:09 Ballistics
48:42 Elite Skirmisher
49:28 Thumb Ring
49:19 Bodkin Arrow
bimurock
0:45 Loom
11:55 Feudal Age
13:32 Wheelbarrow
19:22 Castle Age
18:15 Fletching
18:56 Horse Collar
19:06 Double-Bit Axe
19:33 Gold Mining
19:34 Stone Mining
19:48 Stone Mining
20:03 Bodkin Arrow
22:02 Bow Saw
23:42 Hand Cart
24:17 Gold Shaft Mining
28:32 Gambesons
29:38 Scale Mail Armor
30:08 Forging
34:09 Imperial Age
32:00 Town Watch
33:04 Heavy Plow
34:58 Bagains
35:51 Chain Mail Armor
36:11 Iron Casting
36:01 Conscription
36:58 Stone Shaft Mining
36:38 Squires
37:34 Plate Mail Armor
37:28 Squires
37:14 Arson
39:59 Blast Furnace
40:29 Squires
40:14 Arson
41:12 Town Patrol
41:49 Crop Rotation
41:23 Bracer
42:18 Squires
42:04 Arson
42:47 Onager
44:12 Siege Onager
45:02 Siege Engineers
45:58 Chemistry
45:19 Ballistics
50:12 Heavy Scorpion
꧁༺乡 SC∆R 乡 ༻꧂
7:14 Loom
10:50 Feudal Age
11:28 Double-Bit Axe
12:20 Loom
15:06 Horse Collar
16:19 Fletching
20:40 Castle Age
20:48 Padded Archer Armor
21:36 Bow Saw
21:36 Bodkin Arrow
21:39 Crossbowman
24:50 Leather Archer Armor
26:19 Wheelbarrow
25:29 Town Watch
29:24 Heavy Plow
29:44 Hand Cart
34:13 Imperial Age
33:33 Caravan
35:01 Chemistry
34:23 Ballistics
35:33 Fishing Lines
36:26 Houfnice
37:49 Wagenburg Tactics
40:46 Bracer
41:16 Ring Archer Armor
40:58 Arbalester
42:50 Conscription
45:18 Elite Hussite Wagon
50:03 Hussite Reforms
464905725
12:45 Feudal Age
14:23 Loom
14:08 Man-at-Arms
22:33 Castle Age
24:18 Double-Bit Axe
34:30 Bow Saw
34:28 Gold Mining
34:29 Stone Mining
37:00 Caravan
38:12 Scale Barding Armor
39:46 Gold Shaft Mining
42:32 Imperial Age
41:31 Chain Barding Armor
41:21 Forging
42:11 Husbandry
43:16 Chivalry
43:56 Iron Casting
43:56 Plate Barding Armor
42:44 Cavalier
44:36 Wheelbarrow
45:37 Blast Furnace
45:11 Paladin
Sir Swinag
10:58 Feudal Age
13:29 Double-Bit Axe
17:09 Castle Age
15:05 Horse Collar
15:14 Double-Bit Axe
15:33 Gold Mining
16:25 Stone Mining
20:00 Heavy Plow
20:15 Bow Saw
31:12 Imperial Age
29:38 Padded Archer Armor
33:19 Elite Janissary
34:17 Leather Archer Armor
35:04 Artillery
35:21 Scale Barding Armor
35:27 Forging
36:37 Ring Archer Armor
36:29 Bloodlines
37:01 Chain Barding Armor
38:40 Wheelbarrow
38:43 Iron Casting
38:14 Husbandry
40:20 Conscription
40:30 Loom
viahortus
11:14 Feudal Age
15:12 Castle Age
13:56 Double-Bit Axe
13:53 Horse Collar
16:44 Bow Saw
17:10 Heavy Plow
18:01 Wheelbarrow
18:57 Loom
21:38 Hand Cart
24:21 Town Watch
24:27 Gold Mining
25:39 Scale Mail Armor
26:08 Scale Barding Armor
26:22 Forging
27:10 Gold Shaft Mining
26:27 Stone Mining
27:31 Chain Barding Armor
28:31 Chain Mail Armor
30:09 Squires
29:56 Arson
30:37 Forging
33:59 Imperial Age
32:55 Crossbowman
33:40 Thumb Ring
33:29 Gambesons
34:14 Arbalester
34:45 Fletching
34:56 Padded Archer Armor
36:44 Conscription
36:43 Bodkin Arrow
37:55 Chemistry
37:16 Ballistics
37:05 Siege Engineers
37:11 Masonry
37:40 Bracer
37:56 Leather Archer Armor
41:37 Caravan
43:19 Ring Archer Armor
43:20 Plate Mail Armor
47:53 Iron Casting
47:00 Elite Hearth Troop
47:04 Shield Wall
53:02 Murder Holes
kingofkings
0:28 Loom
11:28 Feudal Age
11:30 Man-at-Arms
17:57 Castle Age
17:16 Double-Bit Axe
17:16 Horse Collar
19:02 Bow Saw
19:31 Wheelbarrow
19:53 Heavy Plow
24:13 Hand Cart
25:20 Stone Mining
26:34 Gold Mining
33:57 Imperial Age
33:13 Forging
33:04 Scale Mail Armor
34:05 Squires
34:42 Iron Casting
34:59 Conscription
34:13 Long Swordsman
34:48 Two-Handed Swordsman
35:47 Chain Mail Armor
35:45 Anarchy
37:26 Blast Furnace
37:21 Champion
48:52 Anarchy
48:13 Elite Huskarl
48:55 Perfusion
51:32 Pikeman
51:51 Halberdier
xX_Miliano_Xx
0:28 Loom
12:48 Feudal Age
13:34 Horse Collar
13:46 Double-Bit Axe
16:11 Wheelbarrow
15:56 Fletching
16:07 Padded Archer Armor
16:21 Gold Mining
20:56 Scale Mail Armor
27:27 Forging
32:01 Castle Age
32:07 Crossbowman
32:11 Pikeman
32:51 Bodkin Arrow
33:13 Chain Mail Armor
33:54 Squires
34:33 Iron Casting
33:51 Fishing Lines
34:47 Steppe Husbandry
35:23 Stone Mining
36:09 Gold Shaft Mining
35:43 Heavy Plow
36:12 Bow Saw
36:59 Capped Ram
38:04 Leather Archer Armor
37:17 Elite Skirmisher
38:44 Gillnets
40:19 Hand Cart
44:07 Imperial Age
43:21 Thumb Ring
44:26 Halberdier
45:44 Plate Mail Armor
45:47 Crop Rotation
46:20 Two-Man Saw
45:58 Hoardings
45:20 Siege Ram
49:06 Conscription
48:09 Elite Kipchak
48:52 Cuman Mercenaries
50:39 Guilds
50:59 Coinage
50:30 Caravan
Connection lost

Rejoining the realm…

Still unreachable

The connection could not be restored.

Session expired

The server has moved on; the page needs a fresh start.